 Dungeon Crawl Stone Soup version 0.24.0-123-gd5b16e6ec5 (webtiles) character file.

Game seed: 17777242914364405607, levelgen mode: deterministic

89 Chiseanne the Magician (level 4, -1/30 HPs)
             Began as a Demonspawn Wizard on Jan 22, 2020.
             Slain by a killer bee (4 damage)
             ... on level 4 of the Dungeon.
             The game lasted 00:04:16 (3326 turns).

Chiseanne the Magician (Demonspawn Wizard)          Turns: 3326, Time: 00:04:16

Health: -1/30      AC:  4    Str:  7    XL:     4   Next: 31%
Magic:  8/10       EV: 12    Int: 20    God:
Gold:   163        SH:  0    Dex: 12    Spells: 10/11 levels left

rFire    . . .     SeeInvis .   a - +4 short sword
rCold    + . .     Gourm    .   (no shield)
rNeg     . . .     Faith    .   o - +0 robe
rPois    .         Spirit   .   m - +1 helmet
rElec    .         Reflect  .   (no cloak)
rCorr    .         Harm     .   (no gloves)
MR       .....                  (no boots)
Stlth    ++........             (no amulet)
HPRegen  0.10/turn              (no ring)
MPRegen  0.12/turn              (no ring)

@: lethally poisoned (-1 -> -6)
A: claws 1, cold resistance 1, freezing cloud immunity
a: no special abilities


You were on level 4 of the Dungeon.
You were not hungry.

You visited 1 branch of the dungeon, and saw 4 of its levels.

You collected 163 gold pieces.

Inventory:

Hand Weapons
 a - a +4 short sword (weapon)
Missiles
 b - 15 sling bullets
 c - 183 stones
 e - 5 javelins (quivered)
 k - 34 bolts
 l - 27 arrows
 q - 5 boomerangs
 w - 7 poisoned darts
Armour
 m - a +1 helmet (worn)
 o - a +0 robe (worn)
Jewellery
 u - a +2 ring of evasion
Scrolls
 g - 4 scrolls of remove curse
 i - 4 scrolls of teleportation
 t - a scroll of fog
Potions
 h - a potion of lignification {unknown}
 j - 2 potions of degeneration {unknown}
 n - a potion of magic {unknown}
 r - a potion of heal wounds
 s - a potion of haste {unknown}
Comestibles
 d - 5 rations


   Skills:
 - Level 1.7 Dodging
 - Level 1.7 Stealth
 * Level 4.0 Spellcasting
 * Level 3.0 Conjurations
   Level 1.0 Summonings
   Level 0.8 Translocations


You had 10 spell levels left.
You knew the following spells:

 Your Spells              Type           Power        Failure   Level  Hunger
a - Magic Dart            Conj           ###.         3%          1    None

Your spell library contained the following spells:

 Spells                   Type           Power        Failure   Level  Hunger
 Call Imp                 Summ           #.......     13%         2    #......
 Blink                    Tloc           N/A          14%         2    #......
 Slow                     Hex            #.......     19%         2    #......
 Conjure Flame            Conj/Fire      ##......     21%         3    ###....
 Mephitic Cloud           Conj/Pois/Air  #.......     26%         3    ###....


Dungeon Overview and Level Annotations

Branches:
Dungeon (4/15)
 Temple: D:4-7

Altars:


Innate Abilities, Weirdness & Mutations

You have sharp fingernails.
Your flesh is cold resistant. (rC+)
You are immune to freezing clouds.


Message History

* * * LOW HITPOINT WARNING * * *
You feel sick. The killer bee stings you.
* * * LOW HITPOINT WARNING * * *
You feel much better.
You feel sick. The killer bee stings you! The killer bee closely misses you.
You feel sick. The killer bee misses you.
You feel sick. The killer bee barely misses you. x2
The killer bee stings you but does no damage.
You feel sick. The killer bee closely misses you.
You feel sick. The killer bee stings you!
* * * LOW HITPOINT WARNING * * *
* * * LOW HITPOINT WARNING * * *
You feel sick.
* * * LOW HITPOINT WARNING * * *
You feel sick. The killer bee closely misses you.
* * * LOW HITPOINT WARNING * * *
You feel sick. The killer bee closely misses you. The killer bee stings you.
* * * LOW HITPOINT WARNING * * *
The killer bee stings you.
You die...

#..........#
#..........####
#.....>.......
#............
#..........#####
#..........#.@.#
#..........#y#.#
#.........yy.#<#
###....###y#######
#.#### #..yyy.y#
#...# #######.#
###.##########.#
#...........y#
#............#


You could see 4 killer bees.

Vanquished Creatures
  4 adders
  3 dart slugs
  A leopard gecko (D:2)
  A ball python (D:1)
  7 bats
  3 giant cockroaches
  7 hobgoblins
  2 jackals (D:1)
  7 kobolds
  4 frilled lizards
  A goblin (D:3)
  7 rats
47 creatures vanquished.

Notes
Turn   | Place    | Note
-------+----------+-------------------------------------------
     0 | D:1      | Chiseanne the Demonspawn Wizard began the quest for the
                  | Orb.
     0 | D:1      | Reached XP level 1. HP: 13/13 MP: 4/4
   481 | D:1      | Gained mutation: Your flesh is cold resistant. (rC+)
                  | [demonic ancestry]
   481 | D:1      | Reached XP level 2. HP: 19/19 MP: 0/6
  1668 | D:2      | Gained mutation: You have sharp fingernails. [demonic
                  | ancestry]
  1668 | D:2      | Reached XP level 3. HP: 23/24 MP: 0/8
  2492 | D:3      | Gained mutation: You are immune to freezing clouds.
                  | [demonic ancestry]
  2492 | D:3      | Reached XP level 4. HP: 30/30 MP: 2/9
  2665 | D:3      | Reached skill level 4 in Spellcasting
  2847 | D:3      | Found a faded altar of an unknown god.
  3326 | D:4      | Slain by a killer bee

Levels and vault maps discovered:
D:1:      dpeg_arrival_shelter, layout_basic
D:2:      layout_rooms, chequers_serial_rivers_small_a
D:3:      layout_basic, chequers_ecumenical_altar_simple
D:4:      layout_basic, first_ration, trog_butcher_becter

Skill      XL: |  1  2  3  4 |
---------------+-------------+-----
Conjurations   | 2 3 |  3.0
Spellcasting   | 4 |  4.0
Dodging        | |  1.7
Stealth        | |  1.7
Summonings     | |  1.0
Translocations | |  0.8

Action                   |  1- 3 |  4- 6 || total
-------------------------+-------+-------++-------
Melee: Unarmed           |    17 |       ||    17
       Short sword       |     8 |       ||     8
Throw: Javelin           |    11 |       ||    11
 Cast: Magic Dart        |    94 |    23 ||   117
  Use: Scroll            |     7 |     2 ||     9
       Potion            |     2 |     1 ||     3
 Stab: Sleeping          |     1 |       ||     1
  Eat: Chunk             |     5 |     2 ||     7
Armor: Robe              |    23 |     3 ||    26
Dodge: Dodged            |    67 |    14 ||    81
